 Dungeon Crawl Stone Soup version 0.17.1-3-g152610e (webtiles) character file.

20883 Urist the Blocker (level 12, -3/106 HPs)
             Began as a Hill Orc Fighter on Apr 5, 2016.
             Was a High Priest of Okawaru.
             Slain by a shambling mangrove (12 damage)
             ... on level 1 of the Swamp.
             The game lasted 01:13:48 (13521 turns).

Urist the Blocker (Hill Orc Fighter)               Turns: 13521, Time: 01:13:48

Health: -3/106     AC: 14    Str: 26    XL:     12   Next: 84%
Magic:  21/22      EV:  8    Int:  8    God:    Okawaru [*****.]
Gold:   572        SH: 14    Dex:  7    Spells: 0 memorised, 11 levels left

rFire  x . .     SeeInvis .     a - +1 demon trident (drain)
rCold  . . .     Clarity  .     v - +1 ring mail "Madoil" {rF- rN+++ MP+9 Dex-3}
rNeg   + + +     SustAt   .     c - +1 shield
rPois  .         Gourm    .     (helmet restricted)
rElec  .         Spirit   .     (no cloak)
rCorr  .         Warding  .     (no gloves)
rMut   .         Stasis   .     w - +0 pair of boots
MR     .....                    (no amulet)
Stlth  +.........               k - +3 ring of protection
                                h - ring of flight

@: finesse, grasped by roots, very slightly contaminated, very slow, not
resistant to hostile enchantments, very unstealthy
A: horns 1, thin metallic scales 1, strong 1, subdued magic 1
a: Heroism, Finesse, Renounce Religion, Evoke Flight


You were on level 1 of the Swamp.
You worshipped Okawaru.
Okawaru was extremely pleased with you.
You were not hungry.

You visited 3 branches of the dungeon, and saw 13 of its levels.
You also visited: Ossuary.

You collected 784 gold pieces.
You spent 196 gold pieces at shops.

Inventory:

Hand Weapons
 a - a +1 demon trident of draining (weapon)
 u - the +8 trident of Ommihi {vamp, rPois MR+}
   (You took it off an orc on level 9 of the Dungeon)

   It inflicts no extra harm, but heals its wielder somewhat when it strikes a
   living foe.
   It protects you from poison.
   It affects your resistance to hostile enchantments.
 H - the +5 trident of Subterfuge {pierce, rElec}
   (You acquired it on level 9 of the Dungeon)

   It inflicts extra damage upon your enemies.
   It insulates you from electricity.
 Q - a +2 greatsling of flaming
Missiles
 E - 3 javelins of penetration (quivered)
Armour
 b - a +0 scale mail
 c - a +1 shield (worn)
 f - the +1 buckler of the Devil {Int+3}
   (You acquired it on level 8 of the Dungeon)

   It affects your intelligence (+3).
 v - the +1 ring mail "Madoil" (worn) {rF- rN+++ MP+9 Dex-3}
   (Okawaru gifted it to you on level 3 of the Lair of Beasts)

   It affects your dexterity (-3).
   It makes you vulnerable to fire.
   It renders you almost immune to negative energy.
   It affects your magic capacity (+9).
 w - a +0 pair of boots (worn)
Jewellery
 h - a ring of flight (left hand)
 k - a +3 ring of protection (right hand)
 o - an uncursed amulet of regeneration
 q - an uncursed ring of see invisible
 s - an uncursed ring of stealth
 C - an uncursed ring of poison resistance
 G - an uncursed ring of magical power
 O - a cursed -4 ring of intelligence
 X - an uncursed ring of protection from magic
 Z - an uncursed amulet of stasis
Wands
 m - a wand of draining (0)
 n - a wand of digging (14)
 p - a wand of cold (4)
 I - a wand of polymorph (3)
 J - a wand of enslavement (9)
 P - a wand of lightning (9)
 U - a wand of cold (5)
 W - a wand of disintegration (10)
Scrolls
 i - 2 scrolls of recharging
 j - 4 scrolls of remove curse
 l - a scroll of magic mapping
 r - 11 scrolls of identify
 x - a scroll of fog
 y - 2 scrolls of fear
 B - a scroll of amnesia
 L - a scroll of enchant weapon {unknown}
 M - a scroll of teleportation
 S - a scroll of enchant armour
Potions
 z - 2 potions of curing
 A - 4 potions of ambrosia
 K - a potion of brilliance
 R - 2 potions of resistance
Miscellaneous
 d - a plain deck of wonders {drawn: 4}
 D - a box of beasts {used: 1}
Comestibles
 e - 3 bread rations
 g - 3 meat rations
 t - 29 fruits


   Skills:
 + Level 9.9 Fighting
 + Level 11.0 Polearms
 + Level 1.2 Throwing
 + Level 9.2 Armour
 + Level 8.1 Dodging
 + Level 1.8 Stealth
 + Level 12.2 Shields
 + Level 1.5 Invocations
 + Level 0.6 Evocations


You had 11 spell levels left.
You didn't know any spells.

Dungeon Overview and Level Annotations

Branches:
Dungeon (9/15)             Temple (0/1) D:7            Lair (3/8) D:9
  Swamp (1/4) Lair:3
  Snake: Lair:3-6    Spider: Lair:3-6       Orc: D:9-12

Altars:
Ashenzari
Dithmenos
Elyvilon
Fedhas
Nemelex Xobeh
Okawaru
Ru
Sif Muna
Yredelemnul
Zin

Shops:
D:5 }

Annotations:
D:3 Urist's ghost, weakling HOFi
D:7 exclusion: ice statue


Innate Abilities, Weirdness & Mutations

You have a pair of small horns on your head.
You are partially covered in thin metallic scales (AC +2).
Your muscles are strong. (Str +2)
Your spells are a little easier to cast, but a little less powerful.


Message History

Moving in this stuff is going to be slow.
You hear a roar! x2
Found a plate armour and a bread ration.
Found a chain mail.
You start resting.
A swamp drake comes into view.
A swamp drake is nearby!
Drink which item? (? for menu, Esc to quit)
You feel very buoyant.
You fly up into the air.
Found a scroll of fog.
A shambling mangrove comes into view.
The shambling mangrove reaches out with a gnarled limb.
Grasping roots rise from the ground around the shambling mangrove!
Found 17 gold pieces.
Roots rise up from beneath you and drag you back to the ground.
You block the shambling mangrove's attack.
You feel like a meek peon again. The shambling mangrove hits you!
You die...

≈≈≈≈≈≈ ≈≈≈≈≈.
≈≈≈≈≈. ≈..... ♣♣♣♣
≈. ≈.♣♣§≈ ♣♣.$♣ ≈≈.
♣ ♣≈.
♣♣♣♣♣≈..♣♣.≈≈≈ ♣♣♣
≈. ♣♣≈♣.....§.§≈≈≈
?≈♣♣♣..≈...@....≈≈≈
♣♣§..§♣♣.≈≈f≈.≈≈≈..
♣≈..♣≈♣≈≈≈≈.≈≈≈≈≈≈.
≈.≈≈...♣....≈≈≈≈≈≈.
.≈≈..≈♣..≈♣.≈≈≈≈≈≈.
...[.♣....♣♣≈..≈≈≈§
♣.......♣♣ ≈.§≈...
♣♣♣.≈≈≈≈♣ .≈≈≈.≈.
♣.≈≈≈.♣♣ .≈≈≈.≈


You could see a shambling mangrove.

Vanquished Creatures
  Gastronok (Lair:3)
  2 hydras
  A shambling mangrove (Lair:3)
  Pikel (D:6)
  The ghost of Tobisume the Spear-Bearer, a novice DsBe of Trog (D:6)
  Joseph (D:9)
  5 spiny frogs
  2 black mambas
  5 komodo dragons
  A troll (D:9)
  2 giant leeches (Lair:3)
  A bog body (Swamp:1)
  6 blink frogs
  A shadow (Swamp:1)
  2 basilisks
  24 yaks
  A naga (D:7)
  4 hippogriffs
  An insubstantial wisp (Swamp:1)
  4 water moccasins
  A swamp drake (Swamp:1)
  6 phantoms
  2 ice beasts
  A sky beast (D:5)
  4 porcupines
  4 centaurs
  2 ogres (D:5)
  A black bear (D:8)
  2 slaves
  3 crocodiles
  2 big kobolds (D:8)
  10 giant frogs
  11 scorpions
  A water moccasin skeleton (D:8)
  The ghost of Urist the Skirmisher, a weakling HOFi of Beogh (D:5)
  9 wights
  3 crimson imps
  2 jellies (D:8)
  A giant frog zombie (D:6)
  7 hounds
  9 iguanas
  5 giant frog skeletons
  5 orc priests (D:5)
  Ijyb (D:3)
  5 worker ants
  6 orc wizards
  Natasha (thrice) (D:2)
  10 sheep
  2 big kobold zombies (Ossuary)
  A hound zombie (D:5)
  A hound skeleton (D:8)
  3 mummies (Ossuary)
  3 worker ant zombies
  32 river rats
  6 scorpion zombies (Ossuary)
  5 adders
  3 shadow imps
  An adder zombie (D:6)
  2 adder skeletons (D:6)
  3 worms (D:2)
  4 giant geckos
  35 orcs
  4 bats
  7 giant cockroaches
  6 hobgoblins
  13 kobolds
  4 quokkas
  2 ball pythons (D:3)
  A giant gecko skeleton (D:3)
  5 giant newts
  3 gnoll zombies (Ossuary)
  10 goblins
  A goblin zombie (Ossuary)
  A hobgoblin zombie (Ossuary)
  A kobold zombie (Ossuary)
  An orc zombie (Ossuary)
  10 rats
  2 fungi (D:9)
355 creatures vanquished.

Vanquished Creatures (collateral kills)
  A hippogriff (Lair:3)
  2 sheep (Lair:3)
  4 river rats (Lair:3)
7 creatures vanquished.

Vanquished Creatures (others)
  A plant (Lair:2)
1 creature vanquished.

Grand Total: 363 creatures vanquished

Notes
Turn   | Place    | Note
--------------------------------------------------------------
     0 | D:1      | Urist the Hill Orc Fighter began the quest for the Orb.
     0 | D:1      | Reached XP level 1. HP: 19/19 MP: 1/1
   168 | D:1      | Reached XP level 2. HP: 22/27 MP: 2/2
  1001 | D:2      | Reached XP level 3. HP: 33/33 MP: 3/3
  1020 | D:2      | Noticed Natasha
  1038 | D:2      | Killed Natasha
  1038 | D:2      | Reached skill level 4 in Fighting
  1113 | D:2      | Noticed Natasha
  1121 | D:2      | Gained mutation: You are partially covered in thin metallic scales (AC +2). [potion of beneficial mutation]
  1128 | D:2      | Reached XP level 4. HP: 40/40 MP: 4/4
  1134 | D:2      | Killed Natasha
  1272 | D:2      | Noticed Natasha
  1274 | D:2      | Killed Natasha
  1352 | D:2      | Found a sacrificial altar of Ru.
  1465 | D:2      | Reached skill level 1 in Dodging
  1577 | D:3      | Noticed Ijyb
  1608 | D:3      | Noticed Urist's ghost (weakling HOFi)
  1610 | D:3      | Killed Ijyb
  1610 | D:3      | Reached XP level 5. HP: 28/46 MP: 5/5
  1639 | D:2      | Gained mutation: You occasionally shout uncontrollably at your foes. [potion of mutation]
  1639 | D:2      | Lost mutation: You occasionally shout uncontrollably at your foes. [potion of mutation]
  1640 | D:2      | Gained mutation: You have a pair of small horns on your head. [potion of mutation]
  1640 | D:2      | Gained mutation: Your spells are a little easier to cast, but a little less powerful. [potion of mutation]
  2465 | D:3      | Found an iron altar of Okawaru.
  2487 | D:3      | Became a worshipper of Warmaster Okawaru
  2895 | D:4      | Noticed a phantom
  2955 | D:4      | Killed a phantom
  2955 | D:4      | Reached XP level 6. HP: 46/53 MP: 6/6
  3095 | D:4      | Noticed an ogre
  3289 | D:4      | Reached skill level 1 in Stealth
  3590 | D:5      | Entered Level 5 of the Dungeon
  3746 | D:5      | Reached * piety under Okawaru
  3761 | D:5      | Reached XP level 7. HP: 21/60 MP: 7/7
  3766 | D:5      | Reached skill level 5 in Shields
  3866 | D:5      | Killed Urist's ghost
  4064 | D:5      | Found a glowing silver altar of Zin.
  4124 | D:5      | Found Roas's Gadget Emporium.
  4136 | D:5      | Reached skill level 5 in Fighting
  4136 | D:5      | Reached skill level 5 in Armour
  4144 | D:5      | Reached XP level 8. HP: 42/68 MP: 8/8
  4148 | D:5      | Bought a plain deck of wonders for 196 gold pieces
  4249 | D:5      | Reached ** piety under Okawaru
  4249 | D:5      | Reached skill level 5 in Polearms
  4500 | D:5      | Gained mutation: Your muscles are strong. (Str +2) [mutagenic meat]
  4501 | D:5      | Lost mutation: Your spells are a little easier to cast, but a little less powerful. [mutagenic meat]
  4883 | D:6      | Reached skill level 6 in Shields
  4954 | D:6      | Noticed Pikel
  5145 | D:8      | Reached XP level 9. HP: 10/75 MP: 9/9
  5257 | D:8      | Found a sand-covered staircase.
  5262 | D:8      | Identified a scroll of acquirement
  5263 | D:8      | Got a transparent buckler
  5274 | D:8      | Identified the +1 buckler of the Devil {Int+3} (You acquired it on level 8 of the Dungeon)
  5285 | Ossuary  | Entered an ossuary
  5468 | Ossuary  | Reached *** piety under Okawaru
  5468 | Ossuary  | Reached skill level 7 in Shields
  5825 | D:8      | Found a sacrificial altar of Ru.
  6172 | D:8      | Reached skill level 1 in Invocations
  6362 | D:8      | Reached skill level 8 in Shields
  6429 | D:8      | Found a blossoming altar of Fedhas.
  6629 | D:7      | Found a blossoming altar of Fedhas.
  6754 | D:7      | Noticed an ice statue
  6803 | D:7      | Found a staircase to the Ecumenical Temple.
  6807 | D:7      | Gained mutation: Your spells are a little easier to cast, but a little less powerful. [potion of mutation]
  6896 | D:7      | Found a sparkling altar of Nemelex Xobeh.
  7086 | D:6      | Killed Pikel
  7086 | D:6      | Reached **** piety under Okawaru
  7086 | D:6      | Reached skill level 5 in Dodging
  7086 | D:6      | Reached XP level 10. HP: 48/84 MP: 10/10
  7245 | D:6      | Noticed Tobisume's ghost (novice DsBe)
  7276 | D:6      | Killed Tobisume's ghost
  7276 | D:6      | Reached skill level 9 in Shields
  7424 | D:6      | Found a white marble altar of Elyvilon.
  7496 | D:6      | Found a deep blue altar of Sif Muna.
  7831 | D:9      | Found a shadowy altar of Dithmenos.
  8011 | D:9      | Reached ***** piety under Okawaru
  8042 | D:9      | Got an iridescent trident {vamp}
  8045 | D:9      | Identified the +8 trident of Ommihi {vamp, rPois MR+} (You took it off an orc on level 9 of the Dungeon)
  8097 | D:9      | Noticed Joseph
  8100 | D:9      | Got a crude trident
  8101 | D:9      | Identified the +5 trident of Subterfuge {pierce, rElec} (You acquired it on level 9 of the Dungeon)
  8121 | D:9      | Killed Joseph
  8552 | D:9      | Found a shattered altar of Ashenzari.
  8630 | D:9      | Found a basalt altar of Yredelemnul.
  8646 | D:9      | Reached skill level 10 in Shields
  8648 | D:9      | Reached XP level 11. HP: 86/93 MP: 11/11
  8817 | D:9      | Found a staircase to the Lair.
  9020 | Lair:1   | Entered Level 1 of the Lair of Beasts
  9033 | Lair:1   | Received a gift from Okawaru
 10122 | Lair:2   | Reached skill level 11 in Shields
 10132 | Lair:2   | Received a gift from Okawaru
 10655 | Lair:2   | Received a gift from Okawaru
 10966 | Lair:2   | Noticed a seven-headed hydra
 10994 | Lair:2   | Killed a seven-headed hydra
 10994 | Lair:2   | Reached XP level 12. HP: 104/104 MP: 12/12
 11520 | Lair:3   | Reached skill level 10 in Polearms
 11730 | Lair:3   | Noticed Gastronok
 11746 | Lair:3   | Killed Gastronok
 11746 | Lair:3   | Received a gift from Okawaru
 11746 | Lair:3   | Reached skill level 1 in Throwing
 12024 | Lair:3   | Got a smoking ring mail {god gift}
 12035 | Lair:3   | Identified the +1 ring mail "Madoil" {rF- rN+++ MP+9 Dex-3} (Okawaru gifted it to you on level 3 of the Lair of Beasts)
 12304 | Lair:3   | Reached skill level 12 in Shields
 13014 | Lair:3   | Found a staircase to the Swamp.
 13302 | Swamp:1  | Entered Level 1 of the Swamp
 13468 | Swamp:1  | Noticed a seven-headed hydra
 13480 | Swamp:1  | Noticed a seven-headed hydra
 13484 | Swamp:1  | Killed a seven-headed hydra
 13493 | Swamp:1  | HP: 1/106 [spriggan rider/spear (11)]
 13521 | Swamp:1  | Slain by a shambling mangrove

Action                   |  1- 3 |  4- 6 |  7- 9 | 10-12 || total
-------------------------+-------+-------+-------+-------++-------
Melee: Trident           |   136 |   293 |   658 |   453 ||  1540
       Demon trident     |       |       |       |   321 ||   321
Throw: Javelin           |       |       |       |    15 ||    15
Invok: Heroism           |       |       |     2 |     4 ||     6
       Finesse           |       |       |       |     2 ||     2
 Abil: Evoke Flight      |       |     1 |       |     1 ||     2
Evoke: Wand              |       |     2 |       |     5 ||     7
       Deck              |       |       |     4 |       ||     4
       Box of beasts     |       |       |       |     1 ||     1
  Use: Scroll            |     5 |     5 |    10 |     8 ||    28
       Potion            |     1 |     4 |    10 |    13 ||    28
  Eat: Meat ration       |     1 |     1 |     1 |     3 ||     6
       Chunk             |     1 |       |     4 |       ||     5
       Beef jerky        |       |     1 |       |     1 ||     2
       Bread ration      |       |       |     1 |     1 ||     2
       Fruit             |       |       |     1 |     4 ||     5
       Royal jelly       |       |       |     1 |       ||     1
       Pizza             |       |       |       |     1 ||     1
